 Dungeon Crawl Stone Soup version 0.28-b1-1-g3c77fb2ed1 (webtiles) character file.

Game seed: 9906540444648851778

31 Minsecho the Skirmisher (level 3, -1/34 HPs)
             Began as a Minotaur Fighter on Jan 30, 2022.
             Slain by Terence (7 damage)
             ... on level 2 of the Dungeon.
             The game lasted 00:01:30 (421 turns).

Minsecho the Skirmisher (Minotaur Fighter)           Turns: 421, Time: 00:01:30

Health: -1/34      AC:  7    Str: 20    XL:     3   Next: 7%
Magic:  2/2        EV:  9    Int:  5    God:
Gold:   0          SH:  4    Dex: 11    Spells: 2/2 levels left

rFire   . . .      SeeInvis .   a - +0 war axe
rCold   . . .      Faith    .   c - +0 buckler
rNeg    . . .      Spirit   .   b - +0 scale mail
rPois   .          Reflect  .   (helmet restricted)
rElec   .          Harm     .   (no cloak)
rCorr   .          Rampage  .   (no gloves)
Will    .....                   (no boots)
Stlth   ..........              (no amulet)
HPRegen 0.11/turn               (no ring)
MPRegen 0.08/turn               (no ring)

@: no status effects
A: horns 2, retaliatory headbutt
a: no special abilities


You were on level 2 of the Dungeon.
You visited 1 branch of the dungeon, and saw 2 of its levels.

Inventory:

Hand Weapons
 a - a +0 war axe (weapon)
Missiles
 e - 2 silver boomerangs (quivered)
Armour
 b - a +0 scale mail (worn)
 c - a +0 buckler (worn)
Scrolls
 f - a scroll of identify {unknown}
Potions
 d - a potion of might


   Skills:
 + Level 4.3 Fighting
 + Level 2.6 Axes
 + Level 4.0 Armour
 + Level 4.0 Shields


You had 2 spell levels left.
You didn't know any spells.
Your spell library was empty.

Dungeon Overview and Level Annotations

Branches:
Dungeon (1/15)

Altars:

Annotations:
D:2 Terence


Innate Abilities, Weirdness & Mutations

You have a pair of horns on your head.
You reflexively headbutt those who attack you in melee.


Message History

You feel yourself speed up.
You start resting.
HP restored.
A hobgoblin comes into view.
The hobgoblin moves out of view.
A hobgoblin is nearby!
You closely miss the hobgoblin. The hobgoblin barely misses you.
You closely miss the hobgoblin. The hobgoblin closely misses you.
You hit the hobgoblin.
The hobgoblin is almost dead.
The hobgoblin hits you but does no damage.
The hobgoblin completely misses you.
You hit the hobgoblin.
You kill the hobgoblin!
You see here a hobgoblin corpse.
Found a stone staircase leading down.
Terence and a ball python come into view.
Terence shouts!
The ball python hisses angrily.
The ball python barely misses you. You block the ball python's attack.
The ball python barely misses you. The ball python grabs you.
The ball python constricts you.
There is a stone staircase leading down here.
You hit the ball python.
You kill the ball python!
Terence drinks a potion.
Terence flickers and vanishes!
Deactivating autopickup; reactivate with Ctrl-A.
A kobold comes into view. It is wielding a +0 dagger.
The kobold shouts!
Something hits you. Something hits you. Something hits you!
The kobold hits you with a +0 dagger.
You barely miss the kobold. You miss something. Something hits you.
The kobold hits you with a +0 dagger. You block something's attack.
The kobold hits you but does no damage.
You closely miss the kobold. You completely miss something. Something hits you.
The kobold barely misses you.
You closely miss something. You closely miss the kobold. Something hits you!
* * * LOW HITPOINT WARNING * * *
The kobold hits you but does no damage. Something hits you!
You die...

#.# #.....†.#'##
#..#.###.##.#.....#
#..#.#....#.#.....#
#..#.#.####.#.....#
#..#.#.# #.#......
#..#'#.# #.#......
#...†>.# #.#......
#......####.##<#...
#.@.........##.....
#K{...#....#
.....#.......+
#####.####....# #.#
.##... #.. . ...
### ##


You could see a kobold.

Vanquished Creatures
  Natasha (D:2)
  A goblin (D:2)
  A hobgoblin (D:2)
  A quokka (D:2)
  2 ball pythons (D:2)
  3 rats
9 creatures vanquished.

Notes
Turn   | Place    | Note
-------+----------+-------------------------------------------
     0 | D:1      | Minsecho the Minotaur Fighter began the quest for the Orb.
     0 | D:1      | Reached XP level 1. HP: 19/19 MP: 0/0
   104 | D:1      | You fall into a shaft and drop 1 floor!
   237 | D:2      | Noticed Natasha
   242 | D:2      | Noticed a crimson imp
   243 | D:2      | Killed Natasha
   244 | D:2      | Reached XP level 2. HP: 13/27 MP: 1/1
   244 | D:2      | Reached XP level 3. HP: 16/33 MP: 2/2
   413 | D:2      | Noticed Terence
   421 | D:2      | Slain by Terence

Illustrated notes

Levels and vault maps discovered:
D:1:      dpeg_arrival_erosion, layout_loops_ring, ebering_ecumenical_altar_box,
          minivault_5, minmay_misc_feat_rows, lemuel_flame_loot_1
D:2:      layout_basic, minmay_heptomino_l4, uniq_terence, uniq_jessica,
          uniq_natasha

Skill      XL: |  1 |
---------------+----+-----
Fighting       | 4 |  4.3
Armour         | 4 |  4.0
Shields        | 4 |  4.0
Axes           | |  2.6

Action                   || total
-------------------------++-------
Melee: War axe           ||    24
       Headbutt          ||     2
Armor: Scale mail        ||    14
Dodge: Dodged            ||    14
Block: Buckler           ||     6
